 Dungeon Crawl Stone Soup version 0.18.1-50-g88ac8fd (console) character file.

389 CALLOUS the Cudgeler (level 6, -4/60 HPs)
             Began as an Ogre Chaos Knight on Aug 1, 2018.
             Slain by an ogre
             ... wielding a +0 giant club
              (19 damage)
             ... on level 4 of the Dungeon.
             The game lasted 00:48:54 (3837 turns).

CALLOUS the Cudgeler (Ogre Chaos Knight)            Turns: 3837, Time: 00:48:55

Health: -4/60      AC:  5    Str: 20    XL:     6   Next: 79%
Magic:  6/6        EV: 10    Int:  9    God:    Xom [...*..]
Gold:   168        SH:  0    Dex:  9    Spells: 0 memorised, 5 levels left

rFire  . . .     SeeInvis .     a - +0 mace (chaos)
rCold  + . .     Gourm    .     b - +2 robe
rNeg   . . .     Faith    .     (no shield)
rPois  .         Spirit   .     (helmet restricted)
rElec  .         Dismiss  .     (no cloak)
rCorr  .         Reflect  .     (gloves unavailable)
SustAt .         Harm     .     (boots unavailable)
MR     .....                    (no amulet)
Stlth  +.........               (no ring)
                                (no ring)

@: not resistant to hostile enchantments, very unstealthy
A: unfitting armour, cold resistance 1, dopey 1, frail 1, tough skin 1
a: Renounce Religion


You were on level 4 of the Dungeon.
You worshipped Xom.
You were a favourite toy of Xom.
You were hungry.

You visited 1 branch of the dungeon, and saw 5 of its levels.

You collected 168 gold pieces.

Inventory:

Hand Weapons
 a - a +0 mace of chaos (weapon)
 l - a +0 hunting sling
Missiles
 m - 2 large rocks (quivered)
 n - 45 stones
Armour
 b - a +2 robe (worn)
 f - a +1 robe of magic resistance
Jewellery
 e - an uncursed ring of protection from magic {unknown}
 v - an uncursed amulet of dismissal {unknown}
 w - an uncursed ring of ice {unknown}
Wands
 y - a wand of flame (30/48)
 z - a wand of lightning (6/15)
Scrolls
 d - 9 scrolls of identify {unknown}
 g - 3 scrolls of immolation {unknown}
 j - a scroll of magic mapping {unknown}
 A - 2 scrolls of remove curse {unknown}
 B - 2 scrolls of noise {unknown}
Potions
 h - a potion of curing
 i - a potion of lignification {unknown}
 o - a potion of brilliance {unknown}
 p - a potion of agility {unknown}
 q - a potion of resistance {unknown}
 x - a potion of flight {unknown}
Comestibles
 c - 4 bread rations
 s - a slice of pizza
 t - 3 meat rations
 C - a chunk of flesh


   Skills:
 * Level 6.3 Fighting
 * Level 6.6 Maces & Flails
 + Level 1.3 Throwing
 + Level 3.8 Dodging


You had 5 spell levels left.
You didn't know any spells.

Dungeon Overview and Level Annotations

Branches:
Dungeon (5/15)
 Temple: D:4-7

Altars:
Fedhas
Makhleb

Annotations:
D:1 1 exclusion
D:3 1 exclusion
D:4 Dowan, Duvessa
D:5 exclusions: ice beast and worker ant


Innate Abilities, Weirdness & Mutations

You are too large for most types of armour.
You have tough skin (AC +1).
Your flesh is cold resistant.
You are dopey. (Int -2)
You are frail (-10% HP).


Message History

Unknown command.
Unknown command.
Unknown command.
Unknown command.
Unknown command.
Unknown command.
You are feeling hungry.
Quiver which item? (- for none, * to show all) (? for menu, Esc to quit)
Quivering
m - 3 large rocks for throwing.
Throwing (i - inventory. (,) - cycle):
m - 3 large rocks (quivered)
Press: ? - help, Shift-Dir - straight line, f/p - ogre
Aim: an ogre, wielding a giant club (moderately wounded, berserk, fast, unusually strong)
You throw a large rock. The large rock hits the ogre.
The ogre is heavily wounded.
The ogre barely misses you. The ogre hits you with a giant club.
* * * LOW HITPOINT WARNING * * *
You sock the ogre! You burn the ogre.
The ogre is severely wounded.
The ogre hits you with a giant club!!
You die...

### #### #.. ...# ##### #.#
...#######...# #.#
.........#...# #.#
.........#...# #.#
.........#...######.#######
.........'......@Obbb......
..#......#...######.#######
###.########## #.####
#......# #bO.b# #....[.#
####O# #......# (# ##'#####
.. #.# #(. #.# .#. ##.####
.#.# #....(# .# #


You could see an ogre (berserk).

Vanquished Creatures
  Eustachio (D:5)
  2 hounds
  An iguana (D:5)
  4 gnolls (D:2)
  5 adders
  3 worms
  2 dart slugs (D:1)
  2 giant geckos
  A giant cockroach (D:2)
  4 goblins
  6 hobgoblins
  16 jackals
  3 quokkas
  A ball python (D:1)
  6 bats
  3 giant newts
  3 kobolds
  6 rats
69 creatures vanquished.

Notes
Turn   | Place    | Note
--------------------------------------------------------------
     0 | D:1      | CALLOUS the Ogre Chaos Knight began the quest for the Orb.
     0 | D:1      | Reached XP level 1. HP: 24/24 MP: 1/1
   136 | D:1      | Reached XP level 2. HP: 32/33 MP: 2/2
   281 | D:1      | XOM: divination: detect items
   439 | D:1      | Reached XP level 3. HP: 37/40 MP: 3/3
   541 | D:1      | XOM: colour smoke trail
   764 | D:2      | XOM: colour smoke trail
   845 | D:2      | Found a burning altar of Makhleb.
   845 | D:2      | Noticed an Executioner
   849 | D:2      | Noticed a neqoxec
   849 | D:2      | Noticed a neqoxec
   859 | D:2      | Reached skill level 5 in Maces & Flails
   990 | D:2      | Reached skill level 5 in Fighting
   990 | D:2      | Reached XP level 4. HP: 50/50 MP: 4/4
  1149 | D:2      | XOM: silly message
  1150 | D:2      | Found a blossoming altar of Fedhas.
  1277 | D:2      | XOM: harmless Tloc miscast
  1380 | D:2      | XOM is BORED!
  1380 | D:2      | XOM: harmless Summ miscast
  1655 | D:2      | You fall through a shaft!
  1655 | D:3      | XOM: stealth player
  1701 | D:3      | Reached XP level 5. HP: 57/57 MP: 5/5
  2222 | D:3      | XOM: give mutations
  2222 | D:3      | Gained mutation: Your flesh is cold resistant. [Xom's mischief]
  2222 | D:3      | Gained mutation: You are dopey. (Int -2) [Xom's mischief]
  2571 | D:4      | XOM: noise
  2721 | D:4      | XOM: confusion
  2919 | D:4      | Noticed Duvessa
  2921 | D:4      | Noticed Dowan
  2984 | D:5      | Entered Level 5 of the Dungeon
  3133 | D:5      | XOM: colour smoke trail
  3160 | D:5      | Noticed Eustachio
  3176 | D:5      | XOM: summons 5 friendly demons
  3221 | D:5      | Killed Eustachio
  3221 | D:5      | Reached skill level 1 in Throwing
  3221 | D:5      | Reached XP level 6. HP: 47/67 MP: 6/6
  3401 | D:5      | Noticed an ice beast
  3529 | D:4      | XOM: give mutation
  3529 | D:4      | Gained mutation: You are frail (-10% HP). [Xom's mischief]
  3829 | D:4      | XOM: butterfly on damage
  3837 | D:4      | Slain by an ogre

Skill      XL: |  1  2  3  4  5 |
---------------+----------------+-----
Maces & Flails | 5 6 |  6.6
Fighting       | 5 6 |  6.3
Dodging        | 3 |  3.8
Throwing       | 1 |  1.3

Action                   |  1- 3 |  4- 6 || total
-------------------------+-------+-------++-------
Melee: Mace              |   108 |   141 ||   249
Throw: Stone             |       |    67 ||    67
       Large rock        |       |     1 ||     1
  Use: Potion            |       |     1 ||     1
 Stab: Petrifying        |       |     2 ||     2
       Petrified         |       |     1 ||     1
  Eat: Chunk             |       |     9 ||     9
Armor: Robe              |    32 |    60 ||    92
Dodge: Dodged            |    57 |    71 ||   128
